Map: Proxima Station LE

Players

Kelazhur - Winner!

  • Race: Terran Terran
  • Spawn Location: 7:00

Bistork

  • Race: Protoss Protoss
  • Spawn Location: 1:00

Event: WCS Austin 2017

VOD

Have the link to the VOD?

Description

Time

  • Played on: April 28, 2017, 8:05 p.m.
  • Length: 12:40

All games in this series

Show
View Real Time Build Order
Export as new Build Order

Kelazhur Terran - Winner!

Build Orders: MMM Bio 

Get SALT Encoding   

  12  0:00  SCV  
  13  0:12  SCV  
  14  0:17  Supply Depot  
  14  0:24  SCV  
  14  0:27  Refinery  
  15  0:39  SCV  
  16  0:45  Barracks  
  16  0:51  SCV  
  17  1:03  SCV  
  18  1:15  SCV  
  19  1:34  Factory, Marine  
  19  1:35  Orbital Command  
  20  1:52  Barracks Reactor  
  20  1:57  Supply Depot  
  20  2:00  SCV  
  21  2:12  SCV  
  22  2:20  Command Center  
  22  2:24  SCV  
  23  2:31  Widow Mine  
  23  2:32  Marine x2  
  23  2:36  SCV  
  28  2:38  Supply Depot  
  28  2:46  Starport  
  28  2:48  SCV  
  29  2:57  Marine  
  29  2:58  Marine  
  31  3:02  SCV  
  31  3:15  Marine x2, SCV  
  31  3:19  Supply Depot  
  34  3:23  Widow Mine, Medivac  
  38  3:27  SCV  
  38  3:32  Orbital Command  
  39  3:36  Marine x2  
  39  3:39  SCV  
  42  3:48  Barracks  
  42  3:52  Widow Mine  
  42  3:54  SCV  
  45  4:00  Viking  
  45  4:02  Marine, SCV  
  49  4:04  Marine  
  49  4:09  Supply Depot  
  50  4:15  SCV x2  
  52  4:19  Barracks  
  52  4:22  Widow Mine  
  54  4:30  Marine x2  
  54  4:31  SCV  
  57  4:35  Supply Depot  
  57  4:36  SCV  
  55  4:43  Engineering Bay, SCV  
  55  4:49  SCV  
  55  4:50  Marine x2  
  55  4:52  Widow Mine  
  60  4:58  SCV  
  59  5:02  SCV  
  56  5:08  Barracks Tech Lab x2, Marine x2  
  56  5:11  SCV  
  57  5:22  Terran Infantry Weapons Level 1  
  57  5:23  SCV  
  57  5:24  Refinery  
  57  5:25  Refinery, Marine  
  57  5:26  Marine  
  58  5:32  Marine x2, SCV  
  58  5:34  Refinery  
  61  5:35  SCV  
  61  5:41  Missile Turret  
  60  5:42  Missile Turret  
  60  5:43  Marine x2  
  60  5:44  Supply Depot, SCV  
  60  5:47  SCV  
  62  5:52  Stimpack  
  62  5:54  Marauder, Marine  
  62  5:56  SCV  
  66  6:04  Bunker, Marine x2, SCV  
  65  6:06  Combat Shields  
  65  6:08  SCV  
  65  6:09  Starport Reactor  
  68  6:12  Marauder  
  68  6:15  Marauder  
  72  6:22  Supply Depot, Marine x2, SCV x2  
  76  6:28  Command Center  
  76  6:35  Marauder  
  78  6:43  Barracks x2, SCV x2  
  78  6:44  Supply Depot x2  
  78  6:46  Marine x2  
  82  6:47  Marauder  
  84  6:56  Marauder  
  86  7:03  Supply Depot  
  86  7:05  Factory Reactor, Marine, SCV x2  
  86  7:06  Marine  
  86  7:07  Medivac x2  
  94  7:11  Marauder  
  94  7:14  Supply Depot  
  96  7:17  SCV x2  
  99  7:23  Marauder  
  99  7:24  Terran Infantry Armor Level 1  
  99  7:27  Armory  
  99  7:29  Engineering Bay, SCV x2  
  101  7:31  Barracks Reactor  
  101  7:32  Barracks Tech Lab  
  101  7:34  Marauder  
  101  7:35  Marine  
  101  7:36  Marine  
  105  7:49  Marauder  
  105  7:51  SCV x2  
  109  7:52  Missile Turret  
  109  7:54  Marine x2  
  109  7:55  Marauder, Concussive Shells  
  109  7:58  Widow Mine, Medivac x2  
  117  8:01  Widow Mine  
  117  8:04  SCV x2  
  123  8:09  Orbital Command  
  123  8:11  Marine x2  
  125  8:14  Marauder  
  128  8:20  Marauder  
  128  8:26  Marauder, SCV x2  
  132  8:30  Widow Mine  
  132  8:32  Supply Depot  
  133  8:37  Widow Mine  
  124  8:47  SCV  
  102  8:50  Bunker  
  102  8:51  Liberator  
  102  8:52  Bunker, Marauder, Marine x2  
  102  8:53  Marauder x2, Marine x2  
  102  8:54  Supply Depot, SCV  
  113  8:58  Widow Mine  
  113  8:59  Terran Infantry Weapons Level 2  
  115  9:05  Widow Mine  
  111  9:10  Marine x2, SCV  
  111  9:11  SCV  
  111  9:14  Marauder x2  
  111  9:15  Marauder  
  120  9:18  SCV  
  120  9:23  Terran Infantry Armor Level 2  
  121  9:30  Marine x2  
  122  9:35  Marauder x2, Marine x2  
  122  9:36  Widow Mine x2, Marine  
  122  9:37  Medivac  
  123  9:48  Marine x2  
  110  9:55  Marauder, Marine  
  110  9:57  Marauder  
  108  10:02  Marauder  
  109  10:07  Supply Depot  
  109  10:08  Marine x2  
  109  10:09  Marine  
  109  10:13  Marine  
  113  10:18  Marauder  
  113  10:20  Marauder  
  117  10:22  Marine  
  117  10:24  Medivac x2  
  117  10:25  Marine  
  123  10:29  Marine  
  123  10:33  Marine x2  
  123  10:34  Widow Mine x2  
  128  10:39  Terran Ship Weapons Level 1  
  128  10:40  Marauder  
  128  10:41  Starport  
  130  10:43  Refinery  
  130  10:44  Marauder, Marine  
  130  10:48  Marauder  
  135  10:55  Marine  
  135  10:56  Marine  
  136  11:01  Marauder  
  136  11:04  Liberator x2  
  138  11:06  Marauder  
  138  11:08  Widow Mine x2  
  140  11:12  Marauder  
  140  11:17  Marine  
  134  11:19  Marine x3  
  134  11:23  Marauder  
  143  11:27  Marauder  
  143  11:29  Refinery  
  143  11:30  Command Center  
  145  11:33  SCV x3  
  145  11:34  Marauder  
  145  11:35  Marine  
  145  11:37  Marine  
  152  11:42  Marine  
  152  11:43  Marine  
  152  11:44  Marauder  
  156  11:48  Marine  
  157  11:55  Marine  
  157  11:56  Marauder  
  157  12:02  Supply Depot  
  157  12:15  Marine  
  157  12:16  Marine x2  
  157  12:17  Marauder  
  157  12:18  Marine  
  157  12:21  Marine  
  151  12:25  Missile Turret  
Show
View Real Time Build Order
Export as new Build Order

Bistork Protoss 

Build Orders: 1 Gate Expand, Oracle Opening 

Get SALT Encoding   

  12  0:01  Probe (Chrono Boost)  
  13  0:11  Probe (Chrono Boost)  
  14  0:17  Pylon  
  14  0:22  Probe (Chrono Boost)  
  15  0:35  Probe (Chrono Boost)  
  16  0:36  Gateway  
  16  0:46  Probe (Chrono Boost)  
  16  0:47  Assimilator  
  17  0:56  Probe (Chrono Boost)  
  18  1:07  Probe (Chrono Boost)  
  19  1:23  Nexus  
  19  1:25  Probe (Chrono Boost)  
  20  1:34  Cybernetics Core  
  20  1:38  Probe (Chrono Boost)  
  21  1:43  Assimilator  
  21  1:49  Probe (Chrono Boost)  
  22  1:55  Pylon  
  22  1:59  Probe (Chrono Boost)  
  23  2:13  Stalker  
  23  2:14  Mothership Core (Chrono Boost)  
  27  2:32  Warp Gate  
  27  2:34  Probe (Chrono Boost)  
  27  2:35  Pylon  
  28  2:40  Probe (Chrono Boost)  
  28  2:41  Stalker  
  31  2:53  Robotics Facility  
  31  2:56  Probe (Chrono Boost)  
  33  3:05  Probe (Chrono Boost)  
  33  3:08  Stargate  
  33  3:10  Probe (Chrono Boost)  
  34  3:16  Probe (Chrono Boost)  
  35  3:21  Probe (Chrono Boost)  
  35  3:26  Probe (Chrono Boost)  
  37  3:28  Gateway  
  37  3:31  Probe (Chrono Boost), Gateway  
  38  3:37  Probe (Chrono Boost)  
  38  3:38  Pylon  
  39  3:42  Probe (Chrono Boost)  
  39  3:46  Oracle  
  39  3:47  Probe (Chrono Boost)  
  41  3:54  Probe (Chrono Boost)  
  45  3:58  Probe (Chrono Boost)  
  46  4:06  Robotics Facility, Probe (Chrono Boost)  
  46  4:08  Probe (Chrono Boost)  
  48  4:12  Assimilator  
  48  4:15  Pylon  
  49  4:18  Probe (Chrono Boost)  
  49  4:19  Probe (Chrono Boost)  
  50  4:30  Probe x2 (Chrono Boost)  
  50  4:31  Phoenix  
  53  4:38  Stalker x2  
  53  4:40  Probe (Chrono Boost)  
  53  4:41  Stalker  
  60  4:46  Probe (Chrono Boost)  
  60  4:51  Probe (Chrono Boost)  
  61  4:58  Probe (Chrono Boost)  
  60  5:00  Observer  
  60  5:01  Probe (Chrono Boost)  
  61  5:10  Probe (Chrono Boost)  
  61  5:12  Probe (Chrono Boost)  
  63  5:21  Assimilator  
  63  5:22  Probe (Chrono Boost)  
  63  5:23  Probe (Chrono Boost)  
  63  5:26  Phoenix  
  66  5:29  Pylon  
  66  5:35  Probe (Chrono Boost)  
  67  5:37  Probe (Chrono Boost)  
  62  5:47  Probe (Chrono Boost)  
  62  5:49  Forge  
  63  5:51  Twilight Council, Observer, Phoenix  
  63  5:52  Probe (Chrono Boost)  
  67  6:01  Probe (Chrono Boost)  
  67  6:03  Probe (Chrono Boost)  
  69  6:11  Gateway x2  
  69  6:12  Gateway  
  69  6:15  Protoss Ground Weapons Level 1  
  69  6:17  Resonating Glaives  
  69  6:19  Observer, Phoenix  
  69  6:23  Probe x2 (Chrono Boost)  
  74  6:28  Nexus  
  74  6:34  Pylon  
  74  6:37  Pylon  
  74  6:41  Pylon  
  74  6:43  Observer  
  74  6:44  Phoenix  
  77  6:53  Adept x2  
  77  6:54  Adept  
  83  6:58  Probe (Chrono Boost)  
  84  7:09  Phoenix  
  84  7:15  Probe (Chrono Boost), Gateway  
  88  7:16  Probe (Chrono Boost), Gateway  
  88  7:24  Adept x5  
  88  7:26  Adept  
  101  7:30  Probe (Chrono Boost)  
  101  7:32  Probe (Chrono Boost)  
  102  7:37  Warp Prism  
  102  7:42  Pylon  
  105  7:45  Probe (Chrono Boost), Pylon  
  105  7:48  Pylon  
  105  7:50  Probe (Chrono Boost), Phoenix  
  110  7:59  Probe x2 (Chrono Boost)  
  110  8:04  Probe (Chrono Boost)  
  111  8:06  Adept x3  
  111  8:11  Adept x2  
  119  8:27  Adept x2  
  119  8:28  Adept x4  
  119  8:33  Pylon  
  117  8:42  Phoenix  
  103  8:51  Adept x8  
  119  9:00  Probe (Chrono Boost)  
  120  9:04  Phoenix  
  120  9:07  Probe (Chrono Boost)  
  121  9:13  Probe (Chrono Boost)  
  120  9:22  Adept x8  
  133  9:26  Phoenix  
  133  9:31  Probe (Chrono Boost)  
  130  9:43  Adept x7  
  142  9:51  Adept  
  118  9:54  Phoenix  
  101  10:05  Adept x5  
  103  10:09  Adept x2  
  107  10:16  Phoenix  
  110  10:36  Assimilator, Probe x2 (Chrono Boost)  
  110  10:37  Probe (Chrono Boost)  
  110  10:39  Photon Cannon  
  110  10:40  Assimilator, Photon Cannon  
  110  10:46  Robotics Bay  
  110  10:47  Robotics Facility  
  112  10:50  Probe (Chrono Boost)  
  112  10:51  Probe (Chrono Boost)  
  112  10:56  Probe (Chrono Boost)  
  113  11:02  Probe (Chrono Boost)  
  111  11:05  Adept x8  
  123  11:17  Probe (Chrono Boost)  
  102  11:27  Colossus x2  
  102  11:32  Pylon  
  110  11:42  Sentry  
  110  11:43  Stalker x3  
  118  11:52  Stalker x3  
  124  11:55  Pylon  
  124  12:06  Pylon  
  124  12:08  Pylon  
  111  12:17  Adept x2  
  111  12:18  Adept x3  
  89  12:23  Adept x5  
  78  12:35  Zealot  
Tags
 
Add a new tag
Caveats
  • Supply blocks, unpowered buildings, or Contaminate may cause inaccurate times.
  • Supply counts are checked every 10 seconds.